details: 'GL_HF_RageQuit again'

« prev index next »

General information

Mini Map

Players

team 1
HumanGL_HF_DieQuick (yellow | 22 APM | 461 actions | 21:12)
Hero icon 3 Archmage
Ability icon 1 Summon Water Elemental
Ability icon 2 Brilliance Aura
Hero icon 1 Paladin
Ability icon 1 Holy Light

» actions
Assign group hotkey15
Build / train65
Enter build submenu19
Enter hero's abilities submenu4
Right click119
Select / deselect188
Select group hotkey5
Use ability46
461 total
» units
Peasant14
Rifleman7
Priest2
Sorceress1
Gryphon Rider5
29 total
» upgrades
Masonry3
Armor3
Lumber Harvesting2
Long Rifles1
Swords3
Animal War Training1
Magic Sentry1
Storm Hammers1
Priest Training2
Gunpowder3
Sorceress Training2
22 total
» buildings
Altar of Kings1
Farm8
Lumber Mill1
Scout Tower7
Guard Tower4
Keep1
Blacksmith1
Barracks1
Castle1
Arcane Sanctum1
Gryphon Aviary1
Arcane Tower2
29 total
» build order
00:14 Altar of Kings
00:21 Farm
00:37 Lumber Mill
00:48 Farm
01:12 Scout Tower
01:22 Scout Tower
01:45 Guard Tower
02:05 Guard Tower
03:53 Keep
04:07 Blacksmith
04:11 Farm
04:14 Farm
04:41 Barracks
05:13 Farm
05:14 Farm
06:14 Castle
08:04 Arcane Sanctum
09:07 Scout Tower
09:36 Gryphon Aviary
09:45 Arcane Tower
09:51 Scout Tower
10:25 Arcane Tower
11:00 Farm
11:43 Farm
11:50 Scout Tower
12:50 Guard Tower
17:07 Scout Tower
18:03 Scout Tower
18:33 Guard Tower
team 2
OrcGoblinFingerer (green | 71 APM | 1508 actions | 21:13)
Hero icon 7 Blademaster
Ability icon 3 Wind Walk
Ability icon 3 Critical Strike
Ability icon 1 Bladestorm

» actions
Assign group hotkey48
Basic commands60
Build / train82
ESC pressed1
Enter build submenu40
Enter hero's abilities submenu7
Give item / drop item4
Remove unit from queue1
Right click606
Select / deselect358
Select group hotkey166
Use ability135
1508 total
» units
Peon12
Grunt6
Goblin Shredder2
Goblin Zeppelin1
Ogre Mauler1
Forest Troll Shadow Priest1
Troll Batrider13
Troll Witch Doctor2
Spirit Walker1
39 total
» upgrades
Backpack1
Berserker Strength1
Ranged Weapons3
Witch Doctor Training2
Spirit Walker Training2
Liquid Fire1
Reinforced Defenses1
Troll Regeneration1
Armor2
Pillage1
15 total
» buildings
Altar of Storms1
Orc Burrow7
Voodoo Lounge3
Barracks1
Great Hall1
War Mill1
Watch Tower21
Stronghold3
Fortress1
Spirit Lodge1
Beastiary3
43 total
» build order
00:04 Altar of Storms
00:19 Orc Burrow
00:32 Voodoo Lounge
00:38 Voodoo Lounge
01:20 Orc Burrow
01:50 Barracks
03:27 Orc Burrow
05:15 Great Hall
05:38 Orc Burrow
05:57 War Mill
07:17 Watch Tower
07:18 Watch Tower
07:42 Stronghold
07:42 Stronghold
07:42 Stronghold
08:25 Watch Tower
08:34 Watch Tower
08:56 Watch Tower
08:57 Watch Tower
09:11 Watch Tower
09:29 Orc Burrow
09:34 Watch Tower
09:34 Watch Tower
10:05 Watch Tower
10:10 Fortress
10:51 Spirit Lodge
10:55 Beastiary
10:59 Beastiary
11:28 Beastiary
11:35 Watch Tower
11:42 Watch Tower
16:01 Watch Tower
16:01 Watch Tower
18:32 Watch Tower
18:33 Watch Tower
18:34 Watch Tower
18:34 Watch Tower
18:36 Watch Tower
18:37 Watch Tower
18:52 Watch Tower
20:09 Voodoo Lounge
20:11 Orc Burrow
20:12 Orc Burrow
» items
Lesser Clarity Potion6
Healing Salve2
Scroll of Speed1
Boots of Speed1
Orb of Lightning1
Potion of Healing1
Potion of Invisibility1
Staff of Teleportation1
Tiny Great Hall1
15 total